 Dungeon Crawl Stone Soup version 0.24-a0-408-gcc1054c (webtiles) character file.

Game seed: 9583547338469683277

23 gunnmetal the Stinger (level 2, -6/20 HPs)
             Began as a Demonspawn Venom Mage on June 5, 2019.
             Killed from afar by Sigmund (7 damage)
             ... with a magic dart
             ... on level 2 of the Dungeon.
             The game lasted 00:04:55 (730 turns).

gunnmetal the Stinger (Demonspawn Venom Mage)        Turns: 730, Time: 00:04:56

Health: -6/20      AC:  2    Str:  8    XL:     2   Next: 75%
Magic:  2/5        EV: 12    Int: 16    God:
Gold:   27         SH:  0    Dex: 13    Spells: 3/6 levels left

rFire    . . .     SeeInvis .   i - +0 club
rCold    . . .     Gourm    .   (no shield)
rNeg     . . .     Faith    .   a - +0 robe
rPois    .         Spirit   .   (helmet restricted)
rElec    .         Reflect  .   (no cloak)
rCorr    .         Harm     .   (no gloves)
MR       .....                  (no boots)
Stlth    +.........             (no amulet)
HPRegen  0.06/turn              (no ring)
MPRegen  0.09/turn              (no ring)

@: confused, very slightly contaminated
A: antennae 1
a: no special abilities


You were on level 2 of the Dungeon.
You were not hungry.

You visited 1 branch of the dungeon, and saw 2 of its levels.

You collected 27 gold pieces.

Inventory:

Hand Weapons
 i - a +0 club (weapon)
Missiles
 h - 4 javelins (quivered)
Armour
 a - a +0 robe (worn)
Scrolls
 d - a scroll of amnesia {unknown}
 e - 2 scrolls of identify {unknown}
 f - 2 scrolls of teleportation {unknown}
 k - a scroll of remove curse {unknown}
Potions
 b - a potion of might {unknown}
 g - a potion of flight {unknown}
 j - 2 potions of curing {unknown}
Comestibles
 c - 3 rations


   Skills:
 + Level 0.9 Fighting
 - Level 1.7 Dodging
 - Level 1.7 Stealth
 * Level 2.5 Spellcasting
 * Level 1.9 Conjurations
 - Level 3.0 Poison Magic


You had 3 spell levels left.
You knew the following spells:

 Your Spells              Type           Power        Failure   Level  Hunger
a - Poisonous Vapours     Pois/Air       #.....       16%         2    ##.....
x - Sting                 Conj/Pois      #...         7%          1    #......

Your spell library contained the following spells:

 Spells                   Type           Power        Failure   Level  Hunger
 Mephitic Cloud           Conj/Pois/Air  #.......     30%         3    ###....
 Olgreb's Toxic Radiance  Pois           ##......     50%         4    #####..
 Venom Bolt               Conj/Pois      #.........   89%         5    ######.


Dungeon Overview and Level Annotations

Branches:
Dungeon (1/15)

Altars:
Okawaru

Annotations:
D:2 Sigmund


Innate Abilities, Weirdness & Mutations

You have a pair of small antennae on your head.


Message History

Ouch! That really hurt!
The dart slug launches a dart at you. The slug dart hits you!
* * * LOW HITPOINT WARNING * * *
Sigmund whispers, "You'll know eternity soon."
Found 2 gold pieces, a long sword and a scroll labeled GUIGIK CIYMEV.
The bat hits you but does no damage. Sigmund gestures at you while chanting.
You are confused.
You're too confused to cast spells.
Sorry, you're not good enough to have a special ability.
You're too confused to cast spells.
Unknown command.
The bat barely misses you. x2
The bat hits you but does no damage.
Sigmund screams, "Die, monster!"
The bat hits you but does no damage.
Sigmund points at you and mumbles some strange words.
The magic dart hits you!
You die...

....# #...# #..?#
#...# #...# #
########...###.##
#...).$..........
.............#...
#.......b@.......
#.######...###...
#.g@w.# #.#...#
##.....##
#.......#
#######.##(##.##
#.......#...#..#
#.##.#.....%...#


You could see Sigmund, a dart slug, a hobgoblin and a bat.

Vanquished Creatures
  A dart slug (D:1)
  A giant cockroach (D:1)
  2 goblins (D:1)
  A hobgoblin (D:1)
  6 jackals (D:1)
  A kobold (D:1)
  4 bats (D:1)
  2 frilled lizards (D:1)
18 creatures vanquished.

Notes
Turn   | Place    | Note
-------+----------+-------------------------------------------
     0 | D:1      | gunnmetal the Demonspawn Venom Mage began the quest for the
                  | Orb.
     0 | D:1      | Reached XP level 1. HP: 13/13 MP: 3/3
   309 | D:1      | Gained mutation: You have a pair of small antennae on your
                  | head. [demonic ancestry]
   309 | D:1      | Reached XP level 2. HP: 20/20 MP: 1/5
   379 | D:1      | Learned a level 2 spell: Poisonous Vapours
   715 | D:1      | You fall into a shaft and drop 1 floor!
   715 | D:2      | Found an iron altar of Okawaru.
   715 | D:2      | Noticed Sigmund
   721 | D:2      | HP: 1/20 [dart slug/slug dart (7)]
   730 | D:2      | Killed from afar by Sigmund

Levels and vault maps discovered:
D:1:      minmay_arrival_plants_in_alcoves, layout_basic
D:2:      layout_loops_cross, okawaru_gym_becter, uniq_jessica, uniq_natasha,
          uniq_sigmund

Action                   || total
-------------------------++-------
Melee: Unarmed           ||     6
       Club              ||     9
 Cast: Sting             ||    23
       Poisonous Vapours ||     5
Armor: Robe              ||     9
Dodge: Dodged            ||    28

Table legend:
 A = Non-vault XP
 B = Vault XP
 C = Vault XP percentage of total XP
 D = Non-vault monster count
 E = Vault monster count
 F = Vault count percentage of total count
                 A         B        C        D         E       F
            +---------+---------+-------+---------+---------+-------
      Total |      34 |       0 |   0.0 |      18 |       0 |   0.0
            +---------+---------+-------+---------+---------+-------
        D:1 |      34 |       0 |   0.0 |      18 |       0 |   0.0
            +---------+---------+-------+---------+---------+-------
